Map: Neon Violet Square LE

Players

iPlayDefense

  • Race: Terran Terran
  • Spawn Location: 5:00

VOD

Have the link to the VOD?

Description

Time

  • Played on: April 11, 2025, 12:59 p.m.
  • Length: 16:54
Show
View Real Time Build Order
Export as new Build Order

iPlayDefense Terran 

Build Orders:  

Get SALT Encoding   

  12  0:00  SCV  
  13  0:17  SCV  
  14  0:32  Supply Depot  
  14  0:36  Refinery  
  14  0:41  SCV  
  15  1:02  SCV  
  16  1:11  Barracks  
  16  1:30  SCV  
  17  1:47  SCV  
  18  2:04  SCV  
  19  2:21  SCV  
  20  2:31  Command Center  
  20  2:39  Orbital Command  
  20  2:44  Barracks Reactor  
  20  2:57  Supply Depot  
  20  3:02  Refinery  
  20  3:15  SCV  
  21  3:32  SCV  
  21  3:35  Marine x2  
  24  3:46  Engineering Bay  
  24  3:59  SCV  
  25  4:00  Marine x2  
  27  4:16  SCV  
  28  4:23  SCV  
  28  4:24  Barracks  
  28  4:25  Marine x2  
  31  4:33  SCV  
  29  4:40  SCV  
  32  4:45  Barracks  
  32  4:48  Terran Infantry Weapons Level 1  
  33  4:50  SCV  
  33  4:56  SCV  
  35  5:15  SCV x2  
  37  5:32  SCV x2  
  37  5:38  Barracks Tech Lab  
  39  5:47  Stimpack, Bunker  
  39  5:49  SCV  
  40  5:51  Barracks Tech Lab  
  40  5:55  Orbital Command  
  40  5:58  Factory  
  40  6:07  SCV  
  41  6:13  Unknown  
  41  6:24  SCV  
  41  6:26  Marine  
  41  6:27  Marine x3  
  46  6:39  Missile Turret  
  46  6:54  SCV, Marine x2  
  49  7:10  Supply Depot  
  49  7:11  SCV  
  50  7:21  Refinery, Command Center  
  50  7:23  Refinery  
  50  7:38  Marine  
  50  7:39  Marine x3  
  54  7:43  Supply Depot  
  54  7:56  SCV x2  
  56  8:03  Marine  
  56  8:04  Marine x2  
  59  8:10  Factory Reactor  
  59  8:13  Supply Depot, SCV x2  
  52  8:30  SCV x2  
  63  8:52  Supply Depot  
  63  9:01  Hellion x2  
  63  9:05  Marine  
  63  9:06  Marine x3  
  71  9:16  Orbital Command  
  71  9:21  SCV  
  71  9:22  SCV  
  73  9:30  Marine, Hellion  
  73  9:31  Marine x3, Hellion  
  73  9:38  SCV  
  73  9:39  SCV  
  83  9:47  Supply Depot  
  83  9:55  SCV, Marine  
  83  9:56  Marine x3  
  86  10:00  Hellion  
  86  10:01  Hellion  
  84  10:20  Supply Depot, Marine  
  84  10:21  Marine x2  
  84  10:25  Starport  
  84  10:29  SCV x2  
  89  10:30  SCV  
  89  10:38  Marine  
  91  10:45  Marine  
  91  10:46  SCV x2, Marine x2  
  96  10:53  Supply Depot  
  96  11:03  Marine  
  96  11:07  SCV x2  
  99  11:10  Marine  
  99  11:11  Marine x2  
  99  11:17  Medivac  
  104  11:21  Hellion  
  104  11:22  Hellion  
  104  11:27  Supply Depot  
  104  11:28  Marine  
  109  11:33  SCV x2  
  109  11:35  Marine  
  109  11:36  Marine x2  
  114  11:40  Refinery  
  114  11:44  Refinery  
  114  11:51  Hellion  
  114  11:52  Hellion  
  114  11:53  Marine  
  114  11:58  Supply Depot, Medivac  
  121  12:01  Marine  
  121  12:07  Unknown, Marine  
  121  12:08  Marine  
  124  12:13  Command Center  
  124  12:18  Marine  
  125  12:21  Hellion  
  125  12:22  Hellion  
  125  12:23  Unknown  
  125  12:25  Marine  
  130  12:30  SCV x2  
  130  12:32  Marine  
  130  12:33  Marine  
  134  12:40  Medivac  
  134  12:42  Marine  
  134  12:48  Supply Depot  
  137  12:50  Marine  
  137  12:51  Hellion  
  137  12:52  SCV x2, Hellion  
  137  12:57  Marine  
  137  12:58  Marine  
  146  13:07  Marine  
  147  13:15  Marine  
  147  13:19  Terran Infantry Armor Level 1  
  148  13:21  Supply Depot  
  148  13:22  Marine, Medivac  
  148  13:23  Marine  
  152  13:32  Marine  
  153  13:40  Marine  
  154  13:53  Supply Depot  
  154  14:04  Medivac  
  156  14:25  Supply Depot  
  156  14:57  Refinery  
  137  15:31  Marine, Refinery  
  137  15:32  Marine x3  
  137  15:37  Hellion  
  137  15:38  Hellion  
  144  15:41  Medivac  
  144  15:44  Unknown  
  144  15:56  Marine  
  144  15:57  Marine x3  
  142  16:07  Hellion  
  142  16:08  Hellion  
  142  16:21  Marine  
  142  16:22  Marine x3  
Tags
 
Add a new tag
Caveats
  • Supply blocks, unpowered buildings, or Contaminate may cause inaccurate times.
  • Supply counts are checked every 10 seconds.